Cogmind - Beta 17 @@@ ROGUE MODE // 2026.08.01 @ 19:33:44 Player: beans Result: Destroyed by B-86 Titan with Railgun Performance ------------- Evolutions (6) 3000 Regions Visited (23) 4600 Robots Destroyed (249) 1245 Value Destroyed (12738) 12738 Prototype IDs (38) 760 Alien Tech Used (0) 0 Bonus (10676) 10676 TOTAL SCORE: 33019 Bonus ------- High Alert Combat Kills 4619 Follower Combat Kills 3007 Entered Garrisons 1000 Used RIF Installer 2000 Entered DSFs 500 Network Hubs Disabled 200 Aligned with FarCom 300 Built Enhanced Grunts 300 Friendly Fire -1250 Cogmind --------- Core Integrity 0/1150 Matter 300/300 Energy 100/100 System Corruption 27% Temperature Cool (9) Movement Core (2400) Ox47 Location -4/Garrison Parts ------- > --- POWER (2) -------- (None) > --- PROPULSION (4) --- (None) > --- UTILITY (8) ------ Experimental Heat Sink Cargo Storage Unit Advanced Target Analyzer Centrium Light Armor Plating Relay Coupler [NC] (33) > --- WEAPON (5) ------- (None) > --- INVENTORY (30) --- Reinforced Fission Core Enhanced Biometal Leg Enhanced Biometal Leg Field Propulsion Drive Field Propulsion Drive Field Propulsion Drive Field Propulsion Drive Field Propulsion Drive Field Propulsion Drive Impulse Thruster Array Advanced Heat Sink Compact Battery (200) Advanced Energy Well (500) Compact Matter Pod (150) Advanced Matter Compressor Propulsion Shielding Improved Medium Armor Plating Relay Coupler [Brawler] (32) Relay Coupler [Sentry] (21) Relay Coupler [Behemoth] (10) Field Lobotomy Kit (3) Peak State ------------ > --- POWER ------------ Antimatter Reactor Particle Reactor > --- PROPULSION ------- Centrium Heavy Treads Centrium Heavy Treads > --- UTILITY ---------- Advanced Heat Sink Advanced Heat Sink Advanced Heat Sink Advanced Heat Sink Advanced Energy Well Experimental Thermal Shield Relay Coupler [Hunter] > --- WEAPON ----------- Heavy Machine Gun Improved Heavy Machine Gun KE Penetrator KE Penetrator > --- INVENTORY -------- XL Autogun Array Field Lobotomy Kit [Rating: 120] Favorites ----------- Power Particle Reactor Engine Light Angular Momentum Engine Power Core Light Nuclear Core Reactor Particle Reactor Propulsion Light Treads Treads Light Treads Leg Carbon-fiber Leg Utility Advanced Heat Sink Device Advanced Heat Sink Storage Large Storage Unit Processor Advanced Target Analyzer Hackware Relay Coupler [NC] Protection Light Armor Plating Weapon Wave Gun Energy Gun Wave Gun Energy Cannon Heavy Plasma Cannon Ballistic Gun XL Autogun Subcomponent Ballistic Cannon Assault Cannon Launcher Advanced EMP Blaster Special Weapon Remote Datajack Build | -11 -10 -9 -9 -9 -8 -8 -8 -8 -8 -6 -6 -6 -6 -5 -5 -5 -5 -5 -5 -4 -4 -4 -4 ------- Run | Yrd Mat Mat Min Exi Min Mat Sto Gar Rec Fac Gar Fac DSF Fac Gar Ext Cet Arc Hub Fac Gar Fac Gar Slots Evolved 12 | . . 2 . . . 2 . . . 4 . . . 2 . . . . . 2 . . . Power 1 | . . . . . . . . . . . . . . 1 . . . . . . . . . Propulsion 2 | . . 1 . . . . . . . 1 . . . . . . . . . . . . . Utility 6 | . . . . . . 1 . . . 3 . . . 1 . . . . . 1 . . . Weapon 3 | . . 1 . . . 1 . . . . . . . . . . . . . 1 . . . Parts Attached 157 | 6 4 4 . . . 1 12 4 2 4 28 . 8 2 23 9 2 1 9 . 26 9 3 Power 22 | 1 1 2 . . . . 1 1 . 1 1 . 1 2 2 2 . 1 1 . 2 2 1 Engine 5 | 1 . 1 . . . . . . . . . . . . 1 . . . . . 1 1 . Core 9 | . 1 1 . . . . 1 1 . 1 . . . 2 . 2 . . . . . . . Reactor 8 | . . . . . . . . . . . 1 . 1 . 1 . . 1 1 . 1 1 1 Propulsion 34 | 2 . 1 . . . . 4 . 1 . 9 . . . 9 . 2 . . . 4 2 . Treads 21 | 2 . 1 . . . . 4 . 1 . 4 . . . 2 . 2 . . . 3 2 . Leg 13 | . . . . . . . . . . . 5 . . . 7 . . . . . 1 . . Wheel . | . . . . . . . . . . . . . . . . . . . . . . . . Hover . | . . . . . . . . . . . . . . . . . . . . . . . . Flight . | . . . . . . . . . . . . . . . . . . . . . . . . Utility 48 | 1 2 . . . . . 4 . 1 1 12 . 3 . 6 2 . . 2 . 10 2 2 Device 24 | . . . . . . . 1 . . . 9 . 2 . 4 2 . . 1 . 2 2 1 Storage 7 | 1 1 . . . . . . . . . . . . . . . . . 1 . 4 . . Processor 2 | . . . . . . . . . . . 1 . . . . . . . . . 1 . . Hackware 8 | . . . . . . . . . 1 1 2 . 1 . 1 . . . . . 2 . . Protection 7 | . 1 . . . . . 3 . . . . . . . 1 . . . . . 1 . 1 Artifact . | . . . . . . . . . . . . . . . . . . . . . . . . Weapon 53 | 2 1 1 . . . 1 3 3 . 2 6 . 4 . 6 5 . . 6 . 10 3 . Energy Gun 17 | . . . . . . . . . . . 3 . . . 4 3 . . 2 . 3 2 . Energy Cannon 3 | . . . . . . . . . . . 1 . . . . . . . 1 . . 1 . Ballistic Gun 25 | 2 1 1 . . . 1 2 . . 1 2 . 4 . 2 1 . . 2 . 6 . . Ballistic Cannon 2 | . . . . . . . . 2 . . . . . . . . . . . . . . . Launcher 1 | . . . . . . . 1 . . . . . . . . . . . . . . . . Special Weapon 5 | . . . . . . . . 1 . 1 . . . . . 1 . . 1 . 1 . . Impact Weapon . | . . . . . . . . . . . . . . . . . . . . . . . . Slashing Weapon . | . . . . . . . . . . . . . . . . . . . . . . . . Piercing Weapon . | . . . . . . . . . . . . . . . . . . . . . . . . Special Melee Weapon . | . . . . . . . . . . . . . . . . . . . . . . . . Unidentified Prototypes 12 | . . . . . . . 2 . . 1 . . . . . 1 1 . 3 . 1 . 3 Corrupted Parts 4 | . . . . . . . . . . . . . . . . 1 1 . . . . . 2 System Corruption 18 | . . . . . . . . . . . . . . . . 6 1 . . . . . 11 Parts Lost 96 | . . 2 . . . . 10 . 1 2 7 . 10 . 20 4 . 2 4 . 14 12 8 Power 14 | . . 1 . . . . 1 . . . . . 1 . 3 2 . . 2 . 1 2 1 Propulsion 24 | . . . . . . . 4 . 1 1 4 . 1 . 6 . . . . . 3 2 2 Utility 25 | . . . . . . . 2 . . . 2 . 2 . 5 1 . . 1 . 6 4 2 Weapon 33 | . . 1 . . . . 3 . . 1 1 . 6 . 6 1 . 2 1 . 4 4 3 Highest Loss Streak 14 | . . 1 . . . . 10 . 1 2 3 . 8 . 14 2 . 2 1 . 7 6 6 To Critical Strikes 1 | . . . . . . . . . . 1 . . . . . . . . . . . . . Average Backups 10 | . 5 9 11 11 12 13 12 14 12 11 11 12 9 11 9 10 11 11 5 2 3 17 20 Power . | . . . 2 1 1 1 . 1 1 1 . 1 . 1 . . . . . . . . 1 Propulsion . | . . 1 1 1 1 1 . . . . . . . . . 1 1 1 . . . 5 7 Utility 5 | . 4 6 7 7 7 7 7 8 7 6 4 5 4 4 5 5 5 5 2 . 1 9 10 Weapon 2 | . . 1 1 1 2 3 3 3 2 2 3 4 3 5 2 3 3 2 1 1 . 1 1 Tool/Special . | . . . . . . . . . . . . . . . . . . . . . . . . Unused Backups 34 | . . . . . . . . 2 1 . 4 . . . 1 2 . . 6 . . . 18 Power 2 | . . . . . . . . . . . 1 . . . . . . . . . . . 1 Propulsion 11 | . . . . . . . . . . . . . . . . 1 . . 1 . . . 9 Utility 20 | . . . . . . . . 2 1 . 2 . . . 1 1 . . 5 . . . 8 Weapon . | . . . . . . . . . . . . . . . . . . . . . . . . Tool/Special 1 | . . . . . . . . . . . 1 . . . . . . . . . . . . Average Slot Usage (%) 79 | . 99 96 100 100 100 66 65 74 95 67 83 100 76 88 89 86 87 82 79 73 54 60 48 Core 3 | . 5 8 11 11 11 9 8 9 9 6 . . . 9 2 3 11 6 1 . . . . Reactor 3 | . . . . . . . . . . . 5 6 5 1 5 2 . 3 7 5 . 4 2 Treads 14 | . 28 33 33 33 33 27 24 27 23 19 13 . . . 2 11 10 11 11 10 3 10 9 Leg 2 | . . . . . . . . . . . . 26 21 17 15 . . . . . . . . Device 14 | . . . . . . . 5 9 9 6 20 26 22 23 19 24 29 29 26 26 4 5 7 Storage 6 | . 14 11 11 11 11 9 9 9 9 6 6 6 6 5 5 5 5 5 4 5 6 8 5 Processor 1 | . . . . . . . . . . . 2 . . . . . . . . . 4 5 5 Hackware 6 | . . . . . . . . . 8 2 7 6 7 5 10 8 5 5 5 5 9 12 9 Protection 2 | . 13 11 11 11 11 9 8 8 . . . . . . 2 . . . . . 1 . 2 Energy Gun 7 | . . . . . . . . . . . 13 20 3 . 12 17 23 12 2 10 3 3 1 Energy Cannon 1 | . . . . . . . . . . . 2 6 1 . 3 3 . . . 5 1 . 1 Ballistic Gun 9 | . 28 30 33 33 33 12 10 9 9 6 5 . 3 23 4 . . 4 16 5 15 6 . Ballistic Cannon 2 | . . . . . . . . 1 18 11 1 . . . . . . . . . . . . Special Weapon 1 | . . . . . . . . . 9 6 . . 2 . . 1 . . . . . . . Peak Build Rating 120 | 6 9 12 12 17 17 46 53 55 34 43 73 73 78 78 95 102 110 110 120 111 118 90 89 Average Rating 61 | 4 7 10 12 15 17 42 43 51 32 32 53 73 58 77 77 96 108 106 107 111 64 78 71 On Entrance 56 | . 6 9 12 12 17 17 46 53 32 34 34 73 73 72 77 95 102 110 106 111 111 90 59 Avg Prop Armor Cover (%) 9 | . . . . . . . . . . . 9 . . . . . . . . . . . . Naked Turns . | . . . . . . . . . . . . . . . . . . . . . . . . Heaviest Build 178 | 13 32 38 32 32 32 43 44 45 44 42 69 67 68 77 79 69 69 69 68 48 178 173 164 Greatest Support 160 | 40 40 60 60 60 60 60 60 60 63 63 88 75 75 60 150 150 160 160 160 160 160 150 150 Greatest Overweight (x) 47 | 1 . . . . . . 11 . 1 . 3 . 1 1 3 . . . . . 8 1 47 Average Overweight (x) . | . . . . . . . . . . . . . . 1 . . . . . . 1 . 1 Largest Inventory Capacity 30 | 8 15 15 15 15 15 15 15 15 15 15 15 15 15 15 15 15 15 15 15 5 30 30 30 Average Capacity 14 | 7 8 15 15 15 15 15 15 15 15 15 15 15 15 15 15 15 15 15 9 5 10 30 30 Most Carried 25 | 3 8 11 11 15 15 15 15 15 15 15 15 15 15 14 15 15 15 15 15 5 14 25 23 Average Carried 12 | . 5 9 11 13 15 13 12 14 14 14 14 15 12 14 12 14 15 14 9 5 4 19 20 Final Capacity 30 | 8 15 15 15 15 15 15 15 15 15 15 15 15 15 15 15 15 15 15 5 5 30 30 30 Final Carried 22 | . 8 11 11 15 15 14 15 15 15 14 15 15 15 14 15 15 15 15 5 5 13 20 22 Class Distribution -------------------- 28% | Scavenger-Tank 22% | Scavenger-Gunner 7% | Bothacker-Gunner 7% | Gunner 6% | Commander-Gunner 6% | Tank 5% | Scavenger-Mutant 3% | Mutant 3% | Hauler-Tank 3% | Hauler-Mutant Dominant Class ---------------- Mutant | -10/Materials Tank | -9/Materials Tank | -9/Mines Tank | -9/Exiles Skirmisher | -8/Mines Skirmisher | -8/Materials Scavenger-Tank | -8/Storage Scavenger-Tank | -8/Garrison Scavenger-Gunner | -8/Recycling Commander-Gunner | -6/Factory Scavenger-Gunner | -6/Garrison Scavenger-Gunner | -6/Factory Scavenger-Mutant | -6/DSF Scavenger-Mutant | -5/Factory Scavenger-Tank | -5/Garrison Scavenger-Tank | -5/Extension Scavenger-Tank | -5/Cetus Commander-Tank | -5/Archives Scavenger-Tank | -5/Hub_04(d) Scavenger-Tank | -4/Factory Gunner | -4/Garrison Hauler-Mutant | -4/Factory Hauler-Mutant | -4/Garrison Resources | -11 -10 -9 -9 -9 -8 -8 -8 -8 -8 -6 -6 -6 -6 -5 -5 -5 -5 -5 -5 -4 -4 -4 -4 ----------- Run | Yrd Mat Mat Min Exi Min Mat Sto Gar Rec Fac Gar Fac DSF Fac Gar Ext Cet Arc Hub Fac Gar Fac Gar Matter Collected 9203 | 227 255 220 18 144 20 . 1494 933 200 71 944 . 213 . 974 307 108 45 859 . 1887 235 49 Remotely . | . . . . . . . . . . . . . . . . . . . . . . . . Salvage Created 14401 | . 247 200 18 . 55 . 1575 923 . 40 1272 . 403 . 2600 1469 66 . 1901 121 2532 979 . Parts 592 | . 22 13 2 . 7 . 82 62 . 1 48 . 28 . 75 35 3 . 78 7 97 32 . Haulers Intercepted 8 | . 1 . . . . . 3 . . . . . . . . 2 . . 2 . . . . Recyclers Shooed 6 | . . 1 . . 1 . 2 . . . . . . . . . . . . . . 2 . Parts Field Recycled . | . . . . . . . . . . . . . . . . . . . . . . . . Retrieved Matter . | . . . . . . . . . . . . . . . . . . . . . . . . Parts Self-Destructed . | . . . . . . . . . . . . . . . . . . . . . . . . Prevented . | . . . . . . . . . . . . . . . . . . . . . . . . Parts Restored . | . . . . . . . . . . . . . . . . . . . . . . . . Kills | -11 -10 -9 -9 -9 -8 -8 -8 -8 -8 -6 -6 -6 -6 -5 -5 -5 -5 -5 -5 -4 -4 -4 -4 ------- Run | Yrd Mat Mat Min Exi Min Mat Sto Gar Rec Fac Gar Fac DSF Fac Gar Ext Cet Arc Hub Fac Gar Fac Gar Combat Hostiles Destroyed 193 | . 7 6 . . . . 23 28 . 1 18 . 7 . 28 16 . . 17 . 33 9 . Melee 1 | . . . . . . . . . . . . . . . . . . . . . 1 . . Guns 167 | . 7 6 . . . . 23 28 . . 15 . 6 . 24 10 . . 13 . 30 5 . Cannons 13 | . . . . . . . . . . 1 3 . 1 . 2 1 . . 3 . 2 . . AOE 1 | . . . . . . . . . . . . . . . . . . . 1 . . . . Classes Destroyed 19 | . 4 1 1 . . . 5 2 . . 2 . 2 . . . . . 1 . 1 . . Worker 15 | . . . 1 . 1 . 6 . . . . . . . . . . . 6 . . 1 . Builder 10 | . . . . . . . 3 . . . . . . . . 2 . . 4 . . 1 . Tunneler 2 | . 1 . . . 1 . . . . . . . . . . . . . . . . . . Hauler 8 | . 1 . . . . . 3 . . . . . . . . 2 . . 2 . . . . Recycler 10 | . . . . . . . 2 . . . . . . . . . . . 5 1 . 2 . Operator 1 | . . . . . . . . . . . . . . . . . . . 1 . . . . Watcher 3 | . . . . . . . 1 . . . . . . . . 1 . . 1 . . . . Swarmer 40 | . 5 3 . . . . 6 11 . . 6 . . . 2 . . . 3 . 4 . . Cutter 6 | . . . . . . . . 3 . . . . . . . . . . . . 3 . . Saboteur 3 | . . . . . . . . . . . . . . . . . . . . . 3 . . Grunt 78 | . 2 2 . . . . 10 5 . . 8 . 3 . 20 6 . . 9 . 10 3 . Brawler 6 | . . 1 . . . . 1 1 . . . . . . . . . . . . 2 1 . Duelist 6 | . . . . . . . 1 1 . . . . . . 1 . . . 1 . 2 . . Sentry 30 | . . . . . . . 5 4 . 1 . . . . 4 8 . . 2 . 3 3 . Specialist 5 | . . . . . . . . . . . . . 3 . . . . . . . 2 . . Hunter 5 | . . . . . . . . . . . . . . . 1 1 . . 1 . 2 . . Programmer 10 | . . . . . . . . 3 . . 3 . . . . . . . . . 2 2 . Heavy 2 | . . . . . . . . . . . . . 1 . . . . . 1 . . . . Behemoth 3 | . . . . . . . . . . . 1 . . . 1 1 . . . . . . . Thug 3 | . . . . . . . . . . . 2 . . . . . 1 . . . . . . Savage 1 | . . . . . . . . . . . . . . . . . . . 1 . . . . Guerrilla 2 | . . . . . . . . . . . 2 . . . . . . . . . . . . Best Kill Streak 11 | . 3 3 1 . 1 . 11 4 . 1 3 . 6 . 5 4 . . 6 1 6 3 . Combat Bots Only 6 | . 3 3 . . . . 5 4 . 1 3 . 6 . 5 3 . . 4 . 6 3 . Max Kills in Single Turn 4 | . 2 2 1 . 1 . 2 2 . 1 1 . 1 . 2 2 1 . 4 1 1 2 . Gunslinging 1 | . 1 1 . . . . . . . . . . . . . . . . . . . . . Exploded 1 | . . . . . . . . . . . . . . . . . . . 1 . . . . Melee 1 | . . . . . . . . . . . . . . . . . . . . . 1 . . Uniques/NPCs Destroyed 1 | . . . . . . . . . . . . . . . . . 1 . . . . . . A7 (-5/Cetus) Combat | -11 -10 -9 -9 -9 -8 -8 -8 -8 -8 -6 -6 -6 -6 -5 -5 -5 -5 -5 -5 -4 -4 -4 -4 -------- Run | Yrd Mat Mat Min Exi Min Mat Sto Gar Rec Fac Gar Fac DSF Fac Gar Ext Cet Arc Hub Fac Gar Fac Gar Hostile Shots Fired 1269 | . 39 27 . . . . 106 34 8 75 102 . 61 . 177 99 5 13 110 . 183 145 85 Missed 399 | . 12 11 . . . . 24 15 4 26 36 . 20 . 58 31 2 5 35 . 56 47 17 Hits 870 | . 27 16 . . . . 82 19 4 49 66 . 41 . 119 68 3 8 75 . 127 98 68 Melee 49 | . . . . . . . 13 2 . . . . . . . . . . 5 . 27 2 . Projectile 821 | . 27 16 . . . . 69 17 4 49 66 . 41 . 119 68 3 8 70 . 100 96 68 AOE 5 | . . . . . . . . 2 . . 2 . . . . . . . 1 . . . . Critical Strikes 57 | . 1 . . . . . 3 2 1 1 4 . . . 12 4 . . 7 . 14 4 4 Damage Taken 16720 | . 291 184 . . . . 1241 282 110 525 1276 . 1002 . 2550 1051 73 235 1909 . 2397 1926 1668 Core 2129 | . 15 8 . . . . 190 50 . 56 123 . 93 . 224 107 . . 113 . 622 220 308 Absorbed by Shields 814 | . . . . . . . . . . 133 91 . . . . 567 23 . . . . . . Ignored by Resistances 268 | . . . . . . . . . . . . . . . . . . . 229 . 39 . . Core Remaining (%) 78 | 100 94 . . . 98 . . . 56 . . . 68 . . . . . 55 . . . . Volleys Fired 835 | . 32 17 1 3 8 . 92 60 31 15 77 . 24 . 97 95 9 5 74 3 135 48 9 Largest 5 | . 2 3 3 3 3 . 4 1 1 3 4 . 4 . 4 4 4 4 4 1 5 4 2 Hottest 333 | . 40 60 60 60 60 . 83 60 5 94 297 . 297 . 315 333 324 324 240 90 303 151 138 Shots Fired 2139 | . 64 50 3 9 24 . 128 61 32 32 237 . 41 . 361 258 33 16 218 3 455 104 10 Gun 1876 | . 64 50 3 9 24 . 128 61 1 12 188 . 31 . 311 197 32 16 199 . 445 100 5 Cannon 186 | . . . . . . . . . . 14 39 . 7 . 50 36 . . 19 3 10 4 4 Launcher . | . . . . . . . . . . . . . . . . . . . . . . . . Special 77 | . . . . . . . . . 31 6 10 . 3 . . 25 1 . . . . . 1 Kinetic 1252 | . 64 50 3 9 24 . 128 61 1 26 93 . 13 . 161 . . 2 161 . 411 43 2 Thermal 802 | . . . . . . . . . . . 134 . 25 . 200 233 32 14 57 3 44 57 3 Explosive . | . . . . . . . . . . . . . . . . . . . . . . . . Electromagnetic 8 | . . . . . . . . . . . . . . . . . . . . . . 4 4 Robot Hit Streak 28 | . 7 6 8 . 7 . 23 6 24 5 19 . 9 . 28 26 7 10 20 10 22 11 6 Robot Miss Streak 9 | . 6 2 . . 4 . 7 9 4 3 6 . 2 . 5 3 1 2 9 1 8 2 1 Penetration Max 1 | . . . . . . . . . . . . . . . 1 . . . 1 . . . . Secondary Targets 26 | . 2 2 . . . . 1 . . . 3 . . . 8 . . . 2 . 6 2 . Max Gunslinging Chain 1 | . 1 1 . . . . 1 . . . 1 . . . 1 . . . 1 . 1 1 . Shots Hit Robots 1313 | . 34 31 2 . 10 . 95 42 26 16 124 . 31 . 227 183 23 13 128 2 249 71 6 Core Hits 624 | . 14 9 1 . 5 . 56 35 . 4 71 . 16 . 91 44 9 5 105 2 127 29 1 Critical Kills 9 | . 1 . . . . . . . . . 1 . . . 3 . . . 2 . 2 . . Critical Parts Destroyed 9 | . 1 . . . . . . . . . 1 . . . 3 . . . 3 . 1 . . Critical Strikes 50 | . 2 . . . . . . . . 1 5 . . . 15 7 2 . 5 . 5 8 . Burn 29 | . . . . . . . . . . . 2 . . . 8 7 2 . . . 2 8 . Meltdown 1 | . . . . . . . . . . . . . . . 1 . . . . . . . . Destroy 18 | . 2 . . . . . . . . . 2 . . . 6 . . . 5 . 3 . . Blast 2 | . . . . . . . . . . 1 1 . . . . . . . . . . . . Melee Attacks . | . . . . . . . . . . . . . . . . . . . . . . . . Impact . | . . . . . . . . . . . . . . . . . . . . . . . . Slashing . | . . . . . . . . . . . . . . . . . . . . . . . . Piercing . | . . . . . . . . . . . . . . . . . . . . . . . . Sneak Attacks . | . . . . . . . . . . . . . . . . . . . . . . . . Combat Hostiles . | . . . . . . . . . . . . . . . . . . . . . . . . Follow-up Attacks . | . . . . . . . . . . . . . . . . . . . . . . . . Damage Inflicted 33251 | . 461 344 18 . 90 . 3132 2083 2 329 2862 . 887 . 5944 4148 596 309 4216 71 6011 1633 115 Guns 28643 | . 461 344 18 . 90 . 3132 2083 . 64 2120 . 760 . 4766 3360 596 309 3257 . 5699 1548 36 Cannons 3970 | . . . . . . . . . . 209 742 . 127 . 1178 788 . . 379 71 312 85 79 Explosions 636 | . . . . . . . . . . 56 . . . . . . . . 580 . . . . Melee . | . . . . . . . . . . . . . . . . . . . . . . . . Ramming 2 | . . . . . . . . . 2 . . . . . . . . . . . . . . Kinetic 18980 | . 461 344 18 . 90 . 3132 2083 . 273 1113 . 533 . 2701 . . 44 2533 . 5095 540 20 Thermal 13519 | . . . . . . . . . . . 1749 . 354 . 3243 4148 596 265 1153 71 916 1008 16 Explosive 56 | . . . . . . . . . . 56 . . . . . . . . . . . . . Electromagnetic 694 | . . . . . . . . . . . . . . . . . . . 530 . . 85 79 Impact . | . . . . . . . . . . . . . . . . . . . . . . . . Slashing . | . . . . . . . . . . . . . . . . . . . . . . . . Piercing . | . . . . . . . . . . . . . . . . . . . . . . . . Highest Corruption 27 | . . . . . . . 2 2 2 . 1 1 2 . 1 7 8 8 12 . 5 11 27 Average Corruption 4 | . . . . . . . 2 2 2 . 1 1 1 . 1 4 7 8 10 . 4 7 16 Corruption Purged . | . . . . . . . . . . . . . . . . . . . . . . . . Corruption Blocked . | . . . . . . . . . . . . . . . . . . . . . . . . Effects 247 | . . . . . . . 3 17 17 . 10 . 6 . 14 22 19 5 39 . 49 25 21 Message Errors 53 | . . . . . . . . 4 4 . 2 . 3 . 4 4 3 3 5 . 12 4 5 Matter Fused 57 | . . . . . . . 1 4 5 . 4 . . . 2 7 6 . 9 . 10 7 2 Heat Flow Errors 28 | . . . . . . . . 2 3 . 2 . . . 2 2 . . 6 . 6 3 2 Energy Discharges 30 | . . . . . . . 1 3 1 . 1 . . . 2 3 5 1 4 . 4 2 3 Parts Rejected 2 | . . . . . . . . . . . . . . . . . . . . . . 1 1 Data Loss (minor) 30 | . . . . . . . 1 2 . . 1 . 2 . 4 . 1 . 5 . 7 3 4 Data Loss (major) 11 | . . . . . . . . . 2 . . . . . . 1 2 . 2 . 3 . 1 Misfires 14 | . . . . . . . . 1 1 . . . . . . 1 1 . 5 . 2 3 . Alerts 8 | . . . . . . . . 1 1 . . . . . . 1 . . 2 . 1 1 1 Misdirections 1 | . . . . . . . . . . . . . . . . . . . . . . . 1 Weapon Failures 13 | . . . . . . . . . . . . . 1 . . 3 1 1 1 . 4 1 1 Overload Shots . | . . . . . . . . . . . . . . . . . . . . . . . . Overflow Damage 105 | . . . . . . . . . . . 34 . . . . 20 . . 37 . 14 . . Projectiles 79 | . . . . . . . . . . . 34 . . . . 20 . . 11 . 14 . . Explosions 26 | . . . . . . . . . . . . . . . . . . . 26 . . . . Melee . | . . . . . . . . . . . . . . . . . . . . . . . . Knockbacks 1 | . . . . . . . . . . 1 . . . . . . . . . . . . . Impact . | . . . . . . . . . . . . . . . . . . . . . . . . Kinetic 1 | . . . . . . . . . . 1 . . . . . . . . . . . . . Secondary . | . . . . . . . . . . . . . . . . . . . . . . . . Self-Inflicted Damage 216 | . . . . . . . . . . 47 . . . . . . . . 169 . . . . Shots 3 | . . . . . . . . . . 1 . . . . . . . . 2 . . . . Rammed 3 | . . . . . . . . . 1 . . . . . . . . . . . 2 . . Targets Rammed 3 | . . . . . . . . . 1 . . . . . . . . . . . 2 . . Kicked . | . . . . . . . . . . . . . . . . . . . . . . . . Crushed . | . . . . . . . . . . . . . . . . . . . . . . . . Highest Temperature 406 | . 33 109 24 36 42 . 347 144 248 1 84 . 21 . 156 353 99 86 257 . 406 221 133 Average Temperature 70 | . 19 31 14 18 19 . 86 48 117 1 27 . 11 . 49 65 68 64 125 . 100 66 73 Received Heat Transfer 3822 | . 117 75 . . . . 396 72 54 54 316 . 153 . 930 385 9 45 385 . 336 339 156 Effects 4 | . . . . . . . 2 . . . . . . . . . . . . . 2 . . Shutdowns 1 | . . . . . . . 1 . . . . . . . . . . . . . . . . Energy Bleed 3 | . . . . . . . 1 . . . . . . . . . . . . . 2 . . Siege Activations 1 | . . . . . . . . . . . . . . . . 1 . . . . . . . Total Turns 5 | . . . . . . . . . . . . . . . . 5 . . . . . . . Longest Duration 5 | . . . . . . . . . . . . . . . . 5 . . . . . . . Martial Activations . | . . . . . . . . . . . . . . . . . . . . . . . . Shielding Activations . | . . . . . . . . . . . . . . . . . . . . . . . . Robots Disrupted . | . . . . . . . . . . . . . . . . . . . . . . . . Combat Hostiles . | . . . . . . . . . . . . . . . . . . . . . . . . Robots Corrupted . | . . . . . . . . . . . . . . . . . . . . . . . . Combat Hostiles . | . . . . . . . . . . . . . . . . . . . . . . . . Parts Fried . | . . . . . . . . . . . . . . . . . . . . . . . . Impact Corruptions . | . . . . . . . . . . . . . . . . . . . . . . . . Robots Melted 16 | . . . . . . . . . . . 2 . . . 5 5 . . . . . 4 . Combat Hostiles 11 | . . . . . . . . . . . . . . . 2 5 . . . . . 4 . Parts Melted 74 | . . . . . . . . . . . 10 . . . 30 25 . . . . . 9 . Heat Transferred 23622 | . . . . . . . . . . . 3234 . 696 . 6566 7287 1073 407 1086 74 1184 1978 37 Parts Sabotaged 6 | . . . . . . . . . . . . . . . . . . . . . 6 . . Parts Stolen . | . . . . . . . . . . . . . . . . . . . . . . . . Parts Stripped . | . . . . . . . . . . . . . . . . . . . . . . . . Power Chain Reactions 2 | . . . . . . . . . . . . . . . . . . . 2 . . . . Alert | -11 -10 -9 -9 -9 -8 -8 -8 -8 -8 -6 -6 -6 -6 -5 -5 -5 -5 -5 -5 -4 -4 -4 -4 ------- Run | Yrd Mat Mat Min Exi Min Mat Sto Gar Rec Fac Gar Fac DSF Fac Gar Ext Cet Arc Hub Fac Gar Fac Gar Maximum Alert Level 5 | . . . . . . . 2 4 2 2 5 5 4 3 5 4 3 1 5 4 5 4 2 Low Security (%) 7 | 100 100 100 100 . 100 100 20 . . . . . . . . . . . 2 . . . . Level 1 7 | . . . . . . . 52 4 48 . . . . . . . . 100 5 . . . . Level 2 16 | . . . . . . . 27 23 51 100 15 . . . 8 . 49 . 2 . . . 100 Level 3 29 | . . . . . . . . 38 . . 17 . . 100 49 71 50 . 13 1 45 93 . Level 4 22 | . . . . . . . . 33 . . 14 . 100 . 37 28 . . 64 98 31 6 . Level 5 16 | . . . . . . . . . . . 52 100 . . 3 . . . 12 . 22 . . High Security . | . . . . . . . . . . . . . . . . . . . . . . . . Max Security . | . . . . . . . . . . . . . . . . . . . . . . . . Sterilizations 1 | . . . . . . . . . . . . . 1 . . . . . . . . . . Peak Influence 3233 | . 70 70 5 . 5 . 497 1276 574 634 3233 1696 1339 702 1626 1343 790 322 2344 1148 2128 1117 647 Initial 1696 | . . 4 3 . . . . 304 574 557 431 1696 1169 702 484 853 728 232 77 1148 766 1117 637 Average 1059 | . 19 34 . . 1 . 318 888 421 583 1756 1682 1260 701 1121 986 689 267 1238 1125 1235 986 617 Influence Increases 14116 | . 172 150 5 . 10 . 861 972 384 589 3022 5 270 . 1422 1118 172 160 2943 7 1502 282 70 Destroy 0b10 Robot/C 5400 | . 140 120 . . . . 460 600 120 80 420 . 200 . 700 560 80 80 960 . 660 180 40 Destroy 0b10 Robot/NC 395 | . 10 . 5 . 10 . 80 . 5 5 15 . . . 35 45 5 . 125 5 30 20 . Destroy Leader 656 | . 22 30 . . . . 108 20 . 30 20 . 30 . 60 66 . . 180 . 40 50 . Allied During Kill 1497 | . . . . . . . . 12 19 37 38 . 25 . 100 311 85 80 780 . . . 10 Successful Hack 103 | . . . . . . . 6 . . . 14 5 . . . 78 . . . . . . . Select Force Hacks 240 | . . . . . . . . . 240 . . . . . . . . . . . . . . Disable Machine 540 | . . . . . . . 90 15 . 15 . . . . 15 . . . 360 . . 30 15 Anti-Garrison Action 3950 | . . . . . . . . 250 . . 2500 . . . 400 . . . 150 . 650 . . Destroy Structure 710 | . . . . . . . 72 60 . 22 15 . . . 37 28 2 . 358 2 107 2 5 Advance Influence 400 | . . . . . . . . . . 400 . . . . . . . . . . . . . Partial Spotted 15 | . . . . . . . . 15 . . . . . . . . . . . . . . . Lose Combat Pursuer 210 | . . . . . . . 45 . . . . . 15 . 75 30 . . 30 . 15 . . Influence Decreases 13549 | . 161 151 15 . 10 . 392 165 1285 348 405 1567 602 647 488 1443 891 520 821 1256 469 1499 414 Entered New Map 8819 | . . 7 7 . . . . 165 702 218 185 1537 502 637 208 773 573 350 145 1196 329 1011 274 Time Decay 3020 | . 161 124 8 . 10 . 292 . 553 110 . 30 . 10 . 530 238 110 416 60 . 368 . Lost Part 960 | . . 20 . . . . 100 . 10 20 70 . 100 . 200 40 . 20 40 . 140 120 80 Lost Ally 750 | . . . . . . . . . 20 . 150 . . . 80 100 80 40 220 . . . 60 Squads Dispatched 27 | . 1 . . . . . 2 . . 2 . . 2 . . 2 . . 15 . . 3 . Investigation 3 | . 1 . . . . . . . . . . . . . . 2 . . . . . . . Extermination 2 | . . . . . . . . . . . . . . . . . . . 1 . . 1 . Reinforcement 11 | . . . . . . . 2 . . 1 . . 2 . . . . . 6 . . . . Assault 7 | . . . . . . . . . . . . . . . . . . . 6 . . 1 . Garrison 4 | . . . . . . . . . . 1 . . . . . . . . 2 . . 1 . Intercept . | . . . . . . . . . . . . . . . . . . . . . . . . Searches Triggered . | . . . . . . . . . . . . . . . . . . . . . . . . Construction Impeded 5 | . . . . . . . 2 . . . . . . . . . . . 3 . . . . Haulers Reinforced . | . . . . . . . . . . . . . . . . . . . . . . . . Active Scanning Responses . | . . . . . . . . . . . . . . . . . . . . . . . . Cargo Convoy Interrupts . | . . . . . . . . . . . . . . . . . . . . . . . . Stealth | -11 -10 -9 -9 -9 -8 -8 -8 -8 -8 -6 -6 -6 -6 -5 -5 -5 -5 -5 -5 -4 -4 -4 -4 --------- Run | Yrd Mat Mat Min Exi Min Mat Sto Gar Rec Fac Gar Fac DSF Fac Gar Ext Cet Arc Hub Fac Gar Fac Gar Distress Signals 10 | . . 2 . . . . 2 . . . . . . . . 1 1 . 4 . . . . Communications Jammed 21 | . . . . . . . . . . . . . . . . 12 . . . . . 9 . Distress Signals 21 | . . . . . . . . . . . . . . . . 12 . . . . . 9 . Times Spotted 327 | . 11 7 . . . . 27 27 5 8 28 . 11 . 40 28 5 4 58 . 43 15 10 Peak Tracking Total 9 | . 3 3 . . . . 9 3 3 4 6 . 3 . 5 4 5 2 7 . 4 5 7 Tactical Retreats 13 | . . . . . . . 2 . . . . . 1 . 5 2 . . 2 . 1 . . Traps | -11 -10 -9 -9 -9 -8 -8 -8 -8 -8 -6 -6 -6 -6 -5 -5 -5 -5 -5 -5 -4 -4 -4 -4 ------- Run | Yrd Mat Mat Min Exi Min Mat Sto Gar Rec Fac Gar Fac DSF Fac Gar Ext Cet Arc Hub Fac Gar Fac Gar Traps Triggered 17 | . 1 . . . . . 1 2 . . 2 . 2 . 2 1 . . 2 . 3 . 1 Indirectly . | . . . . . . . . . . . . . . . . . . . . . . . . Trap Hack Attempts . | . . . . . . . . . . . . . . . . . . . . . . . . Triggered . | . . . . . . . . . . . . . . . . . . . . . . . . Disarmed . | . . . . . . . . . . . . . . . . . . . . . . . . Reprogrammed . | . . . . . . . . . . . . . . . . . . . . . . . . Reused . | . . . . . . . . . . . . . . . . . . . . . . . . Traps Extracted . | . . . . . . . . . . . . . . . . . . . . . . . . Installed . | . . . . . . . . . . . . . . . . . . . . . . . . Triggered . | . . . . . . . . . . . . . . . . . . . . . . . . Machines | -11 -10 -9 -9 -9 -8 -8 -8 -8 -8 -6 -6 -6 -6 -5 -5 -5 -5 -5 -5 -4 -4 -4 -4 ---------- Run | Yrd Mat Mat Min Exi Min Mat Sto Gar Rec Fac Gar Fac DSF Fac Gar Ext Cet Arc Hub Fac Gar Fac Gar Machines Disabled 59 | . . . . . . . 6 5 . 1 3 . . . 6 4 . . 25 . 5 2 2 Max in Single Turn 16 | . . . . . . . 1 1 . 1 1 . . . 1 1 . . 16 . 2 1 . Garrison Access 3 | . . . . . . . . . . . . . . . . . . . 2 . . 1 . Garrison Relay 14 | . . . . . . . . 4 . . 3 . . . 4 . . . . . 3 . . Phase Generator 1 | . . . . . . . . . . . . . . . . . . . . . 1 . . Network Hub 1 | . . . . . . . . . . . . . . . . . . . 1 . . . . Machines Repaired . | . . . . . . . . . . . . . . . . . . . . . . . . Machines Dismantled . | . . . . . . . . . . . . . . . . . . . . . . . . Machines Sabotaged . | . . . . . . . . . . . . . . . . . . . . . . . . Overloaded Fab Kills . | . . . . . . . . . . . . . . . . . . . . . . . . Hacking | -11 -10 -9 -9 -9 -8 -8 -8 -8 -8 -6 -6 -6 -6 -5 -5 -5 -5 -5 -5 -4 -4 -4 -4 --------- Run | Yrd Mat Mat Min Exi Min Mat Sto Gar Rec Fac Gar Fac DSF Fac Gar Ext Cet Arc Hub Fac Gar Fac Gar Machines Accessed 36 | . . . . 1 . . 2 1 8 1 1 1 . 1 1 13 . 1 1 1 1 2 . Terminals 19 | . . . . . . . 1 1 . . 1 1 . . 1 13 . . . . 1 . . Fabricators . | . . . . . . . . . . . . . . . . . . . . . . . . Repair Stations . | . . . . . . . . . . . . . . . . . . . . . . . . Recycling Units 8 | . . . . . . . . . 8 . . . . . . . . . . . . . . Scanalyzers . | . . . . . . . . . . . . . . . . . . . . . . . . Garrison Access 7 | . . . . . . . 1 . . 1 . . . 1 . . . . 1 1 . 2 . Total Hacks 78 | . . . . 1 . . 4 3 9 1 2 2 . 1 2 19 . 25 1 2 3 3 . Successful 60 | . . . . 1 . . 2 1 8 1 1 1 . 1 . 13 . 25 1 2 . 3 . Failed 18 | . . . . . . . 2 2 1 . 1 1 . . 2 6 . . . . 3 . . Catastrophic 6 | . . . . . . . . 1 . . 1 . . . . 2 . . . . 2 . . Database Lockouts . | . . . . . . . . . . . . . . . . . . . . . . . . Manual 16 | . . . . 1 . . . . 9 . . . . . . 5 1 . . . . . . Terminals 32 | . . . . . . . 1 3 . . 2 2 . . 2 19 . . . . 3 . . Fabricators . | . . . . . . . . . . . . . . . . . . . . . . . . Repair Stations . | . . . . . . . . . . . . . . . . . . . . . . . . Recycling Units 9 | . . . . . . . . . 9 . . . . . . . . . . . . . . Scanalyzers . | . . . . . . . . . . . . . . . . . . . . . . . . Garrison Access 11 | . . . . . . . 3 . . 1 . . . 1 . . . . 1 2 . 3 . Terminal Hacks 39 | . . . . 1 . . 1 1 . . 1 1 . . . 9 . 25 . . . . . Record 25 | . . . . . . . . . . . . . . . . . . 25 . . . . . Open Door 10 | . . . . . . . 1 . . . . . . . . 9 . . . . . . . Open DSF 1 | . . . . . . . . . . . . 1 . . . . . . . . . . . Patrol Navigation 2 | . . . . . . . . 1 . . 1 . . . . . . . . . . . . Proto ID Catalog 1 | . . . . 1 . . . . . . . . . . . . . . . . . . . Fabricator Hacks . | . . . . . . . . . . . . . . . . . . . . . . . . Repair Station Hacks . | . . . . . . . . . . . . . . . . . . . . . . . . Recycling Unit Hacks . | . . . . . . . . . . . . . . . . . . . . . . . . Scanalyzer . | . . . . . . . . . . . . . . . . . . . . . . . . Garrison Access Hacks 9 | . . . . . . . 1 . . 1 . . . 1 . . . . 1 2 . 3 . Unlock Access 5 | . . . . . . . 1 . . 1 . . . 1 . . . . . 1 . 1 . Seal Access 2 | . . . . . . . . . . . . . . . . . . . 1 . . 1 . Coupler Status 2 | . . . . . . . . . . . . . . . . . . . . 1 . 1 . Unauthorized Hacks 11 | . . . . . . . . . 8 . . . . . . 3 . . . . . . . Terminals 3 | . . . . . . . . . . . . . . . . 3 . . . . . . . Botnet 3 | . . . . . . . . . . . . . . . . 3 . . . . . . . Fabricators . | . . . . . . . . . . . . . . . . . . . . . . . . Repair Stations . | . . . . . . . . . . . . . . . . . . . . . . . . Recycling Units 8 | . . . . . . . . . 8 . . . . . . . . . . . . . . Tunnel 8 | . . . . . . . . . 8 . . . . . . . . . . . . . . Scanalyzers . | . . . . . . . . . . . . . . . . . . . . . . . . Garrison Access . | . . . . . . . . . . . . . . . . . . . . . . . . Data Cores Recovered . | . . . . . . . . . . . . . . . . . . . . . . . . Used . | . . . . . . . . . . . . . . . . . . . . . . . . Hacking Detections 15 | . . . . . . . 2 1 . 1 1 . . . 1 6 . . . . 1 2 . Full Trace Events 5 | . . . . . . . . 1 . . 1 . . . . 2 . . . . 1 . . Feedback Events . | . . . . . . . . . . . . . . . . . . . . . . . . Feedback Blocked . | . . . . . . . . . . . . . . . . . . . . . . . . Robot Schematics Acquired . | . . . . . . . . . . . . . . . . . . . . . . . . Robots Built . | . . . . . . . . . . . . . . . . . . . . . . . . Authchips . | . . . . . . . . . . . . . . . . . . . . . . . . Time . | . . . . . . . . . . . . . . . . . . . . . . . . Total Robot Build Rating . | . . . . . . . . . . . . . . . . . . . . . . . . Part Schematics Acquired . | . . . . . . . . . . . . . . . . . . . . . . . . Parts Built . | . . . . . . . . . . . . . . . . . . . . . . . . Authchips . | . . . . . . . . . . . . . . . . . . . . . . . . Time . | . . . . . . . . . . . . . . . . . . . . . . . . Total Part Build Rating . | . . . . . . . . . . . . . . . . . . . . . . . . Part Studies Acquired . | . . . . . . . . . . . . . . . . . . . . . . . . Parts Repaired . | . . . . . . . . . . . . . . . . . . . . . . . . Time . | . . . . . . . . . . . . . . . . . . . . . . . . Parts Recycled . | . . . . . . . . . . . . . . . . . . . . . . . . Recycled Matter . | . . . . . . . . . . . . . . . . . . . . . . . . Retrieved Matter . | . . . . . . . . . . . . . . . . . . . . . . . . Retrieved Components . | . . . . . . . . . . . . . . . . . . . . . . . . Parts Scanalyzed . | . . . . . . . . . . . . . . . . . . . . . . . . Part Schematics Acquired . | . . . . . . . . . . . . . . . . . . . . . . . . Parts Damaged . | . . . . . . . . . . . . . . . . . . . . . . . . Bothacking | -11 -10 -9 -9 -9 -8 -8 -8 -8 -8 -6 -6 -6 -6 -5 -5 -5 -5 -5 -5 -4 -4 -4 -4 ------------ Run | Yrd Mat Mat Min Exi Min Mat Sto Gar Rec Fac Gar Fac DSF Fac Gar Ext Cet Arc Hub Fac Gar Fac Gar Used RIF Installer 4 | . . . . . . . . 1 . . 1 . . . 1 . . . . . 1 . . Signal Jammer 1 | . . . . . . . . . . . . . . . 1 . . . . . . . . Patrol Navigation 1 | . . . . . . . . . . . 1 . . . . . . . . . . . . Structural Interface 1 | . . . . . . . . . . . . . . . . . . . . . 1 . . Robots Hacked 18 | . . . . . . . . . 4 3 5 . 1 . . 4 1 . . . . . . Non-combat 3 | . . . . . . . . . 1 1 . . . . . 1 . . . . . . . Combat 15 | . . . . . . . . . 3 2 5 . 1 . . 3 1 . . . . . . Robot Hacks Applied 20 | . . . . . . . . . 4 3 7 . 1 . . 4 1 . . . . . . parse_system 6 | . . . . . . . . . 1 . 1 . . . . 3 1 . . . . . . find_recycling 1 | . . . . . . . . . 1 . . . . . . . . . . . . . . ignore_parts 1 | . . . . . . . . . . 1 . . . . . . . . . . . . . check_alert 1 | . . . . . . . . . . . . . . . . 1 . . . . . . . find_shortcuts 2 | . . . . . . . . . . 1 1 . . . . . . . . . . . . reboot_propulsion 2 | . . . . . . . . . . . 2 . . . . . . . . . . . . overload_power 2 | . . . . . . . . . 1 . 1 . . . . . . . . . . . . reboot_system 1 | . . . . . . . . . . . 1 . . . . . . . . . . . . streamctrl_high 1 | . . . . . . . . . . . 1 . . . . . . . . . . . . formatsys_high 2 | . . . . . . . . . 1 1 . . . . . . . . . . . . . formatsys_deep 1 | . . . . . . . . . . . . . 1 . . . . . . . . . . Relay Couplers Released 61 | . . . . . . . . 17 . . 13 . . . 16 . . . 3 . 12 . . Machine Destruction 61 | . . . . . . . . 17 . . 13 . . . 16 . . . 3 . 12 . . Attached 8 | . . . . . . . . . 1 1 2 . 1 . 1 . . . . . 2 . . Fabnet Peak Effective % . | . . . . . . . . . . . . . . . . . . . . . . . . Robots Rewired 21 | . . . . . . . . . 7 . . . . . 1 11 . . . . . . 2 Allies Hacked . | . . . . . . . . . . . . . . . . . . . . . . . . Hacks Repelled . | . . . . . . . . . . . . . . . . . . . . . . . . Allies | -11 -10 -9 -9 -9 -8 -8 -8 -8 -8 -6 -6 -6 -6 -5 -5 -5 -5 -5 -5 -4 -4 -4 -4 -------- Run | Yrd Mat Mat Min Exi Min Mat Sto Gar Rec Fac Gar Fac DSF Fac Gar Ext Cet Arc Hub Fac Gar Fac Gar Total Allies 51 | . . . . . . . . 2 8 1 1 . 5 . 1 25 5 . . . . . 3 Largest Group 19 | . . . . . . . . 2 8 9 9 . 4 4 4 19 19 18 16 . . . 1 Highest-Rated Group 813 | . . . . . . . . 62 124 153 153 . 134 134 134 645 813 813 757 . . . 119 Highest-Rated Ally 159 | . . . . . . . . 31 31 32 47 . 47 47 47 159 159 96 96 . . . 119 Total Orders 9 | . . . . . . . . . . . 8 . . . 1 . . . . . . . . STAY 2 | . . . . . . . . . . . 1 . . . 1 . . . . . . . . ROAM 2 | . . . . . . . . . . . 2 . . . . . . . . . . . . FOLLOW 1 | . . . . . . . . . . . 1 . . . . . . . . . . . . EXPLORE 3 | . . . . . . . . . . . 3 . . . . . . . . . . . . RETURN 1 | . . . . . . . . . . . 1 . . . . . . . . . . . . Ally Attacks 519 | . . . . . . . . 6 17 36 48 . 6 . 48 100 34 20 189 . . . 15 Total Damage 13707 | . . . . . . . . 82 303 516 957 . 101 . 952 2422 669 505 6615 . . . 585 Kills 96 | . . . . . . . . 2 6 4 5 . 3 . 7 17 6 4 40 . . . 2 Allies Corrupted 3 | . . . . . . . . . . . 1 . . . . . . . 1 . . . 1 Allies Melted 1 | . . . . . . . . . . . . . . . . . . . . . 1 . . Field Lobotomies 1 | . . . . . . . . . . . . . . . . . . . . . . . 1 Intel | -11 -10 -9 -9 -9 -8 -8 -8 -8 -8 -6 -6 -6 -6 -5 -5 -5 -5 -5 -5 -4 -4 -4 -4 ------- Run | Yrd Mat Mat Min Exi Min Mat Sto Gar Rec Fac Gar Fac DSF Fac Gar Ext Cet Arc Hub Fac Gar Fac Gar Active Infowar (turns) . | . . . . . . . . . . . . . . . . . . . . . . . . Robot Analysis Total . | . . . . . . . . . . . . . . . . . . . . . . . . Derelict Logs Recovered 1 | . . . 1 . . . . . . . . . . . . . . . . . . . . Drone Launches 3 | . . . . . . . . . . . 3 . . . . . . . . . . . . Drone Recoveries 2 | . . . . . . . . . . . 2 . . . . . . . . . . . . Exploration | -11 -10 -9 -9 -9 -8 -8 -8 -8 -8 -6 -6 -6 -6 -5 -5 -5 -5 -5 -5 -4 -4 -4 -4 ------------- Run | Yrd Mat Mat Min Exi Min Mat Sto Gar Rec Fac Gar Fac DSF Fac Gar Ext Cet Arc Hub Fac Gar Fac Gar Turns Passed 19124 | 64 591 294 170 644 61 20 668 1171 1615 226 4282 72 386 20 1873 1498 513 220 1012 122 2327 846 429 Spaces Moved 8158 | 44 299 145 96 396 23 10 285 617 768 110 1571 55 197 9 797 746 114 84 460 72 834 282 144 Core 215 | 15 . . . . . . 3 . . . . . . . . . . . . . 196 . 1 Treads 6771 | 29 299 145 96 396 23 10 282 617 768 110 1454 . . . 185 746 114 84 460 72 456 282 143 Legs 1172 | . . . . . . . . . . . 117 55 197 9 612 . . . . . 182 . . Wheels . | . . . . . . . . . . . . . . . . . . . . . . . . Hover . | . . . . . . . . . . . . . . . . . . . . . . . . Flight . | . . . . . . . . . . . . . . . . . . . . . . . . Fastest Speed 50 | 50 160 160 160 160 160 160 160 160 160 160 120 120 120 190 120 160 160 160 160 160 50 160 160 Average Speed 184 | 123 160 160 160 160 160 160 165 160 188 160 214 120 127 190 175 160 160 160 160 160 224 239 245 Slowest Speed 2400 | 160 160 160 160 160 160 160 600 160 240 160 330 120 190 190 330 160 160 160 160 160 450 240 2400 Overloaded Moves . | . . . . . . . . . . . . . . . . . . . . . . . . Propulsion Burnouts . | . . . . . . . . . . . . . . . . . . . . . . . . Robots Hopped . | . . . . . . . . . . . . . . . . . . . . . . . . Potential Cave-ins 1 | . . . . . . . . . . . . . . . . . . . 1 . . . . Cave-ins Triggered . | . . . . . . . . . . . . . . . . . . . . . . . . Exploration Rate (%) 42 | 4 49 14 33 70 9 1 57 73 93 7 82 2 84 1 69 82 48 77 51 2 74 8 19 Regions Visited 23 Branch Regions 9 Pre-discovered Areas 8 | . . . . . . . . . 8 . . . . . . . . . . . . . . Known Exits Taken 6 | . . . . . . . 1 . . 1 . 1 . 1 . . . . . 1 . 1 . Unknown Exits Taken 12 | 1 1 1 1 1 1 1 . . 1 . . . . . . 1 1 1 1 . . . . Scrap Searched . | . . . . . . . . . . . . . . . . . . . . . . . . Spaces Dug 6 | . . . . . . . 3 . . . . . . . . 3 . . . . . . . Terrain Destroyed 358 | . . . . . . . 72 . . 21 . . . . 6 14 . . 171 1 73 . . Melee . | . . . . . . . . . . . . . . . . . . . . . . . . Projectile 112 | . . . . . . . 72 . . . . . . . 5 14 . . 18 1 2 . . AOE 245 | . . . . . . . . . . 21 . . . . . . . . 153 . 71 . . Terrain Rammed . | . . . . . . . . . . . . . . . . . . . . . . . . Walls Destroyed . | . . . . . . . . . . . . . . . . . . . . . . . . Machines Disabled . | . . . . . . . . . . . . . . . . . . . . . . . . Actions | -11 -10 -9 -9 -9 -8 -8 -8 -8 -8 -6 -6 -6 -6 -5 -5 -5 -5 -5 -5 -4 -4 -4 -4 --------- Run | Yrd Mat Mat Min Exi Min Mat Sto Gar Rec Fac Gar Fac DSF Fac Gar Ext Cet Arc Hub Fac Gar Fac Gar Total 11160 | 53 348 172 111 401 33 16 439 803 923 138 2331 61 309 11 1046 913 430 161 582 75 1195 382 227 Wait 1725 | . 2 . 15 . 3 . 22 113 119 7 612 7 69 . 82 51 302 70 25 . 158 23 45 Move 8137 | 43 298 144 95 395 22 9 285 615 767 110 1570 54 196 9 795 745 113 83 459 72 832 282 144 Hop . | . . . . . . . . . . . . . . . . . . . . . . . . Pick Up 120 | 4 10 5 . 2 . 3 15 4 1 . 13 . 4 . 15 3 . 1 2 . 23 10 5 Fast Attach 103 | 2 . 2 . . . . 3 2 1 1 19 . 6 . 13 9 2 . 13 . 21 8 1 Attach 89 | 4 1 3 . . . 1 13 4 . 2 8 . 7 1 16 . . 1 2 . 16 5 5 Detach 20 | . . 1 . . . . . . . 1 4 . 3 . 2 . . . 1 . 2 5 1 Swap 18 | . 3 . . . . . . . 1 1 7 . . 1 . 2 2 1 . . . . . Drop 66 | . 2 . . 1 . 3 6 5 1 1 17 . . . 7 8 2 . 6 . 6 1 . Fire 835 | . 32 17 1 3 8 . 92 60 31 15 77 . 24 . 97 95 9 5 74 3 135 48 9 Melee . | . . . . . . . . . . . . . . . . . . . . . . . . Ram 1 | . . . . . . . . . . . . . . . . . . . . . . . 1 Kick . | . . . . . . . . . . . . . . . . . . . . . . . . Crush 3 | . . . . . . . . . 1 . . . . . . . . . . . 2 . . Escape Stasis 14 | . . . . . . . . . . . 4 . . . 10 . . . . . . . . Rewire 29 | . . . . . . . 3 . 1 . . . . . 9 . . . . . . . 16 Trap . | . . . . . . . . . . . . . . . . . . . . . . . . Miscellaneous . | . . . . . . . . . . . . . . . . . . . . . . . . Route ------- -11/Scrapyard -10/Materials (discovered 2 exits: [*Mat] / [*Min]) -9/Materials -9/Mines -9/Exiles -8/Mines -8/Materials -8/Storage -8/Garrison (discovered 2 exits: *Rec x2) -8/Recycling -6/Factory (discovered 2 exits: [*Low] / Gar) -6/Garrison (discovered 3 exits: *Fac x3) -6/Factory -6/DSF -5/Factory -5/Garrison (discovered 3 exits: *Ext x3) -5/Extension (discovered 2 exits: *Fac / *Cet) -5/Cetus -5/Archives (discovered 3 exits: *Fac / *Hub x2) -5/Hub_04(d) (discovered 2 exits: *Fac x2) -4/Factory (discovered 2 exits: [*Upp] / Gar) -4/Garrison (discovered 2 exits: *Fac x2) -4/Factory -4/Garrison History --------- Turn | Location | Event 20 | -11/Scrapyard | Discovered new exit (range 16) 65 | -11/Scrapyard | Entered Materials 306 | -10/Materials | Build established: Mutant 397 | -10/Materials | Discovered new exit (range 13) 647 | -10/Materials | Discovered new exit (range 4) 656 | -10/Materials | Entered another Materials area 656 | -9/Materials | Evolved 2 slots: Propulsion x1, Weapon x1 853 | -9/Materials | Met 8R-AWN 924 | -9/Materials | Discovered new exit (range 11) 950 | -9/Materials | Entered Mines 952 | -9/Mines | Followed 8R-AWN into the Mines 1002 | -9/Mines | Build established: Tank 1039 | -9/Mines | Learned Materials security intel 1112 | -9/Mines | Discovered new exit (range 5) 1120 | -9/Mines | Entered Exiles 1164 | -9/Exiles | Welcomed by 8R-AWN 1188 | -9/Exiles | Met EX-HEX 1247 | -9/Exiles | Met EX-DEC 1295 | -9/Exiles | Met EX-BIN 1316 | -9/Exiles | Aligned with FarCom system 1317 | -9/Exiles | Given EX-Vault access code 1354 | -9/Exiles | Opened EX-Vault 1364 | -9/Exiles | Found Field Lobotomy Kit 1372 | -9/Exiles | Found XL Autogun Array 1408 | -9/Exiles | Warned to stay clear of 0b10 Research branches 1521 | -9/Exiles | Discovered new exit (range 12) 1764 | -9/Exiles | Stole two prototypes: XL Autogun Array, Field Lobotomy Kit 1764 | -9/Exiles | Entered Mines 1791 | -8/Mines | Discovered new exit (range 7) 1825 | -8/Mines | Entered Materials 1825 | -8/Materials | Evolved 2 slots: Utility x1, Weapon x1 1829 | -8/Materials | Discovered new exit (range 9) 1845 | -8/Materials | Entered Storage 1847 | -8/Storage | FarCom data flow suspended 2094 | -8/Storage | Lost 10 parts (1p4n2u3w) 2422 | -8/Storage | Build established: Scavenger-Tank 2513 | -8/Storage | Identified exit to Garrison 2513 | -8/Storage | Entered Garrison 2562 | -8/Garrison | Garrison Relay disabled 2573 | -8/Garrison | Triggered checkpoint 2730 | -8/Garrison | Triggered checkpoint 2871 | -8/Garrison | Triggered checkpoint 2890 | -8/Garrison | Garrison Relay disabled 2981 | -8/Garrison | Triggered checkpoint 3061 | -8/Garrison | Discovered new exit (range 10) 3103 | -8/Garrison | Triggered checkpoint 3123 | -8/Garrison | Triggered checkpoint 3191 | -8/Garrison | Garrison Relay disabled 3351 | -8/Garrison | Rescued a captive Derelict 3352 | -8/Garrison | Rescued a captive Derelict 3463 | -8/Garrison | Triggered checkpoint 3501 | -8/Garrison | Triggered checkpoint 3521 | -8/Garrison | Installed Relay Interface Framework 3553 | -8/Garrison | Garrison Relay disabled 3620 | -8/Garrison | Discovered new exit (range 10) 3684 | -8/Garrison | Entered Recycling 3684 | -8/Recycling | Accompanied by 2 allies 3934 | -8/Recycling | Scanned before Scraplab entrance 3997 | -8/Recycling | Build established: Scavenger-Gunner 4115 | -8/Recycling | Discovered new exit (range 5) 4840 | -8/Recycling | Build established: Commander-Gunner 5299 | -8/Recycling | Entered Factory 5299 | -6/Factory | Accompanied by 8 allies 5299 | -6/Factory | Evolved 4 slots: Propulsion x1, Utility x3 5386 | -6/Factory | Discovered new exit (range 15) 5492 | -6/Factory | Garrison activated, responded to threat 5525 | -6/Factory | Identified exit to Garrison 5525 | -6/Factory | Entered Garrison 5525 | -6/Garrison | Accompanied by 9 allies 5624 | -6/Garrison | Lost 3 allies 5660 | -6/Garrison | Triggered checkpoint 5694 | -6/Garrison | Garrison Relay disabled 5746 | -6/Garrison | Spotted B-75 Beast 5751 | -6/Garrison | Triggered checkpoint 5762 | -6/Garrison | Warlord forces raided the area 5766 | -6/Garrison | Destroyed B-75 Beast 5797 | -6/Garrison | Lost 3 parts (2n1u) 5805 | -6/Garrison | Triggered checkpoint 5871 | -6/Garrison | Lost 5 allies 5981 | -6/Garrison | Triggered checkpoint 6057 | -6/Garrison | Triggered checkpoint 6159 | -6/Garrison | Discovered new exit (range 10) 6191 | -6/Garrison | Triggered checkpoint 6227 | -6/Garrison | Garrison Relay disabled 6523 | -6/Garrison | Discovered new exit (range 38) 6551 | -6/Garrison | Build established: Bothacker-Gunner 6571 | -6/Garrison | Discovered new exit (range 45) 6734 | -6/Garrison | Expanded RIF knowledge: Patrol Navigation 7009 | -6/Garrison | Triggered checkpoint 7371 | -6/Garrison | Triggered checkpoint 7379 | -6/Garrison | Lost 4 allies 7434 | -6/Garrison | Garrison Relay disabled 8416 | -6/Garrison | Build established: Scavenger-Gunner 9807 | -6/Garrison | Entered Factory 9879 | -6/Factory | Identified exit to DSF 9879 | -6/Factory | Entered DSF 9899 | -6/DSF | Additional patrols routed to DSF 9997 | -6/DSF | Lost 8 parts (1p1n1u5w) 10109 | -6/DSF | Assimilated ARC 5a with formatsys_deep 10157 | -6/DSF | Sterilization system engaged 10177 | -6/DSF | Ambient heat levels rising (+10) 10192 | -6/DSF | Ambient heat levels rising (+10) 10207 | -6/DSF | Ambient heat levels rising (+10) 10222 | -6/DSF | Ambient heat levels rising (+10) 10237 | -6/DSF | Ambient heat levels rising (+10) 10237 | -6/DSF | Discovered new exit (range 14) 10252 | -6/DSF | Ambient heat levels rising (+10) 10265 | -6/DSF | Entered Factory 10265 | -5/Factory | Accompanied by 4 allies 10265 | -5/Factory | Evolved 2 slots: Power x1, Utility x1 10285 | -5/Factory | Identified exit to Garrison 10285 | -5/Factory | Entered Garrison 10285 | -5/Garrison | Accompanied by 4 allies 10316 | -5/Garrison | Expanded RIF knowledge: Signal Jamming 10401 | -5/Garrison | Triggered checkpoint 10575 | -5/Garrison | Spotted B-75 Beast 10634 | -5/Garrison | Destroyed B-75 Beast 10694 | -5/Garrison | Lost 14 parts (2p3n3u6w) 10887 | -5/Garrison | Triggered checkpoint 11063 | -5/Garrison | Garrison Relay disabled 11116 | -5/Garrison | Build established: Scavenger-Tank 11164 | -5/Garrison | Discovered new exit (range 8) 11261 | -5/Garrison | Triggered checkpoint 11339 | -5/Garrison | Discovered new exit (range 14) 11371 | -5/Garrison | Triggered checkpoint 11404 | -5/Garrison | Garrison Relay disabled 11501 | -5/Garrison | Triggered checkpoint 11695 | -5/Garrison | Triggered checkpoint 11796 | -5/Garrison | Build established: Scavenger-Gunner 11854 | -5/Garrison | Garrison Relay disabled 11920 | -5/Garrison | Discovered new exit (range 14) 12096 | -5/Garrison | Build established: Scavenger-Tank 12158 | -5/Garrison | Entered Extension 12237 | -5/Extension | Rescued A7 12287 | -5/Extension | Rescued a captive Derelict 12290 | -5/Extension | Rescued a captive Derelict 12392 | -5/Extension | Rescued a captive Derelict 12393 | -5/Extension | Rescued a captive Derelict 12422 | -5/Extension | Rescued a captive Derelict 12811 | -5/Extension | Spotted B-75 Beast 12836 | -5/Extension | Destroyed B-75 Beast 12838 | -5/Extension | Spotted B-75 Beast 12846 | -5/Extension | Allies destroyed B-75 Beast 12877 | -5/Extension | Lost 3 allies 13064 | -5/Extension | Rescued a captive Derelict 13064 | -5/Extension | Rescued a captive Derelict 13123 | -5/Extension | Rescued a captive Derelict 13123 | -5/Extension | Rescued a captive Derelict 13124 | -5/Extension | Rescued a captive Derelict 13535 | -5/Extension | Rescued a captive Derelict 13542 | -5/Extension | Rescued a captive Derelict 13544 | -5/Extension | Rescued a captive Derelict 13584 | -5/Extension | Discovered new exit (range 10) 13586 | -5/Extension | Discovered new exit (range 6) 13656 | -5/Extension | Entered Cetus 13656 | -5/Cetus | Accompanied by 19 allies (A7) 13661 | -5/Cetus | Acquired a Cetus Manufacturing Module code from A7 13676 | -5/Cetus | Spotted Cetus Guard 13677 | -5/Cetus | Spotted Cetus Guard 13680 | -5/Cetus | Spotted Cetus Guard 13689 | -5/Cetus | Allies destroyed Cetus Guard 13690 | -5/Cetus | Spotted Cetus Guard 13693 | -5/Cetus | Allies destroyed Cetus Guard 13698 | -5/Cetus | Allies destroyed Cetus Guard 13707 | -5/Cetus | Allies destroyed A7 13716 | -5/Cetus | Allies destroyed Cetus Guard 13743 | -5/Cetus | Lost 6 allies 13745 | -5/Cetus | Extracted ID and sensor layout for unrecognized location from A7's data core 13804 | -5/Cetus | Started Cetus Manufacturing Module 13829 | -5/Cetus | Manufactured an Enhanced Grunt 13854 | -5/Cetus | Manufactured an Enhanced Grunt 13879 | -5/Cetus | Manufactured an Enhanced Grunt 13904 | -5/Cetus | Manufactured an Enhanced Grunt 13929 | -5/Cetus | Manufactured an Enhanced Grunt 13994 | -5/Cetus | Discovered new exit (range 15) 14169 | -5/Cetus | Entered Archives 14169 | -5/Archives | Accompanied by 18 allies 14223 | -5/Archives | Unable to access archive contents 14226 | -5/Archives | Discovered new exit (range 16) 14233 | -5/Archives | Build established: Commander-Tank 14241 | -5/Archives | Unable to access archive contents 14244 | -5/Archives | Discovered new exit (range 16) 14258 | -5/Archives | Discovered new exit (range 16) 14389 | -5/Archives | Entered Hub_04(d) 14389 | -5/Hub_04(d) | Accompanied by 16 allies 14476 | -5/Hub_04(d) | Garrison activated, responded to threat 14578 | -5/Hub_04(d) | System corruption reached 10% 14689 | -5/Hub_04(d) | First assault squad dispatched 14867 | -5/Hub_04(d) | Lost 5 allies 14976 | -5/Hub_04(d) | Found Prototype Device 14976 | -5/Hub_04(d) | Identified Exp. Thermal Shield 15048 | -5/Hub_04(d) | Discovered new exit (range 15) 15123 | -5/Hub_04(d) | Discovered new exit (range 4) 15159 | -5/Hub_04(d) | Build established: Scavenger-Tank 15250 | -5/Hub_04(d) | Garrison activated, responded to threat 15393 | -5/Hub_04(d) | Network Hub disabled 15401 | -5/Hub_04(d) | Entered Factory 15401 | -4/Factory | Evolved 2 slots: Utility x1, Weapon x1 15499 | -4/Factory | Discovered new exit (range 4) 15523 | -4/Factory | Identified exit to Garrison 15523 | -4/Factory | Entered Garrison 15637 | -4/Garrison | Triggered checkpoint 15691 | -4/Garrison | Lost 7 parts (1p2n2u2w) 15965 | -4/Garrison | Build established: Scavenger-Gunner 16117 | -4/Garrison | Triggered checkpoint 16181 | -4/Garrison | Phase Generator disabled 16271 | -4/Garrison | Triggered checkpoint 16363 | -4/Garrison | Build established: Gunner 16645 | -4/Garrison | Triggered checkpoint 16717 | -4/Garrison | Garrison Relay disabled 16977 | -4/Garrison | Core integrity fell below 50% 17138 | -4/Garrison | Expanded RIF knowledge: Structural Interface 17223 | -4/Garrison | Discovered new exit (range 5) 17492 | -4/Garrison | Triggered checkpoint 17544 | -4/Garrison | Garrison Relay disabled 17648 | -4/Garrison | Garrison Relay disabled 17785 | -4/Garrison | Discovered new exit (range 9) 17850 | -4/Garrison | Entered Factory 17904 | -4/Factory | Build established: Hauler-Tank 18100 | -4/Factory | First assault squad dispatched 18386 | -4/Factory | Build established: Hauler-Mutant 18402 | -4/Factory | Lost 6 parts (1p3u2w) 18464 | -4/Factory | System corruption reached 10% 18626 | -4/Factory | Garrison activated, responded to threat 18696 | -4/Factory | Identified exit to Garrison 18696 | -4/Factory | Entered Garrison 18717 | -4/Garrison | Lost 5 parts (1p2n1u1w) 18770 | -4/Garrison | Spotted Executioner 18770 | -4/Garrison | Spotted Executioner 18831 | -4/Garrison | Assimilated Executioner with FLK Orb 18833 | -4/Garrison | Core integrity fell below 20% 18853 | -4/Garrison | Rewired Striker 18869 | -4/Garrison | Rewired Striker 18876 | -4/Garrison | Allies destroyed Executioner 19091 | -4/Garrison | Triggered checkpoint 19104 | -4/Garrison | Triggered checkpoint 19114 | -4/Garrison | Spotted B-86 Titan 19125 | -4/Garrison | Destroyed by B-86 Titan with Railgun Last Messages --------------- Slug penetrates Reinforced Barrier. P-70 Sage fails to hack Striker. Chain reaction triggered in Lgt. Quantum Reactor. G-67 Veteran suffers critical hit (Impale). G-67 Veteran destroyed. Striker system terminally corrupted. System corrupted: XL Autogun Subcomponent jammed. Imp. Heavy Treads destroyed. System corrupted: IFF burst signal emitted. XL Autogun Subcomponent destroyed. Relay Coupler [NC] destroyed. Ended siege mode. Imp. Quantum Reactor destroyed. Imp. Heavy Treads destroyed. Slug penetrates G-67 Veteran. Slug penetrates Reinforced Barrier. Adv. Heat Sink destroyed. Penetrated by Slug. Map ----- +----------------------------------------------------+ | ?# #????????????????????????????????????????????? | | ?# #????????????????????????????????????????????? | | ?# #######################??????????????????????? | | ?# #??????????????????????? | | ?+ #??????????????????????? | | ?#"+######## ######### #??????????????????????? | | ?# #??????# #???????# #??????????????????????? | | ?# #??????##+##???????# #??????????????????????? | | ?# #???????# #????????# #??????????????????????? | | ?# #???????# ????????+ #??????????????????????? | | ?# #???????###????????# #??????????????????????? | | ?# #??????????????????# #??????????????????????? | | ?# #??????????????????# #??????????????????????? | | ?# #??????????????????# #??????????????????????? | | ## #??????????????????# #??????????????????????? | | "# #??????????????????# #??????????????????????? | | "# #??????????????????# #??????????????????????? | | # #??????????????????# #??????????????????????? | | "# #??????????????????# #??????????????????????? | | *% #??????????????????# #??????????????????????? | | # #??????????????????# #??????????????????????? | | "# #??????????????????# #??????????????? #?????? | | %# #??????????????????# #????????#""#% ## ???? | | "# ###############????# ######## g= ??? | | ## + g !p ??? | | ?# ;%@ gg p % ??? | | ?##############################%;; BB;; #?????? | | ?????????????????????????????????# ## ???????? | | ????????????????????????????????????? ?????????? | | ???????????????????????????????????????? ????????? | | ?????????????????????????????????????????????????? | | ?????????????????????????????????????????????????? | | ?????????????????????????????????????????????????? | | ?????????????????????????????????????????????????? | | ?????????????????????????????????????????????????? | | ?????????????????????????????????????????????????? | | ?????????????????????????????????????????????????? | | ?????????????????????????????????????????????????? | | ?????????????????????????????????????????????????? | | ?????????????????????????????????????????????????? | | ?????????????????????????????????????????????????? | | ?????????????????????????????????????????????????? | | ?????????????????????????????????????????????????? | | ?????????????????????????????????????????????????? | | ?????????????????????????????????????????????????? | | ?????????????????????????????????????????????????? | | ?????????????????????????????????????????????????? | | ?????????????????????????????????????????????????? | | ?????????????????????????????????????????????????? | | ?????????????????????????????????????????????????? | +----------------------------------------------------+ Best States ------------- Heat Dissipation 135 Energy Generation 39 Energy Capacity 1065 Matter Stores 600 Matter Capacity 600 Sight Range 16 Terrain Scan Density 10 Armor Coverage 300 Resistance: TH 30 Evasion (%) 55 Targeting Accuracy 8 Target Analysis 8 Recoil Reduction 4 Relay Coupler Types 3 Relay Coupler Value 82 Item Schematics ----------------- None Robot Schematics ------------------ None Fabricated ------------ Nothing Repaired ---------- Nothing Studied --------- None Alien Tech Used ----------------- None Achievements -------------- Deep Understanding Quantum Hacking Challenges ------------ None Game ------ Seed DeflectorDecoderShotgun Manual? 0 Play Time 01:39:28 Cumulative 376.0 hours Start 2026.07.22 @ 19:53:24 End 2026.08.01 @ 19:33:44 Sessions 3 Manual Loads 0 Difficulty Rogue Special Mode None Game No. 926 Rogue 924 Adventurer 2 Explorer 0 Win Type - Total 1 Types 1/0/0/0/0/0/0/0/0/0 Lore% 55 Gallery% 67 Achievement% 53 Wizard Run 0 Options --------- Layout 2 ASCII 0 Keyboard 0 Movement Mouse Keybinds 0 Fullscreen 1 Font 24/Smallcaps Map View 50x44 Zoom Use 0% Tactical HUD 0 Map Filters NONE Filters NONE Steam 1 RUN: 2fea9cf5-a8f4-4222-b1cb-6fa714c5d9ce